 Dungeon Crawl Stone Soup version 0.30-a0-134-gb40fab5c76 (webtiles) character file.

Game seed: 11704632607416285960

62 IdlyInterested the Ducker (level 3, -4/27 HPs)
             Began as a Demonspawn Wanderer on Sept 19, 2022.
             Slain by a hobgoblin (6 damage)
             ... led by Robin
             ... on level 2 of the Dungeon.
             The game lasted 00:07:34 (1750 turns).

IdlyInterested the Ducker (Demonspawn Wanderer)     Turns: 1750, Time: 00:07:34

Health: -4/27      AC:  5    Str: 11 (13) XL:     3   Next: 85%
Magic:  3/3        EV: 11    Int:  7 (10) God:
Gold:   83         SH:  6    Dex: 13 (16) Spells: 2/2 levels left

rFire   + . .      SeeInvis .    f - +2 dagger (venom)
rCold   . . .      Faith    .    (no shield)
rNeg    . . .      Spirit   .    i - +0 ring mail
rPois   .          Reflect  .    (no helmet)
rElec   .          Harm     .    (no cloak)
rCorr   .          Rampage  .    (no gloves)
Will    .....                    (no boots)
Stlth   +.........               (no amulet)
HPRegen 0.09/turn                g - ring of protection from fire
MPRegen 0.08/turn                (no ring)

@: lethally poisoned (-4 -> -6)
A: large bone plates 2
a: no special abilities


You were on level 2 of the Dungeon.
You visited 1 branch of the dungeon, and saw 2 of its levels.

You collected 83 gold pieces.

Inventory:

Hand Weapons
 a - a +2 dagger
 c - a +0 short sword
 f - a +2 dagger of venom (weapon)
Missiles
 b - 3 curare-tipped darts (quivered)
 o - 4 silver javelins
Armour
 d - a +0 scale mail
 i - a +0 ring mail (worn)
Jewellery
 g - a ring of protection from fire (left hand)
Scrolls
 p - 3 scrolls of amnesia
Potions
 e - a potion of attraction
 l - a potion of lignification {unknown}


   Skills:
 - Level 2.0 Fighting
 + Level 1.8 Short Blades
 - Level 2.0 Throwing
 - Level 1.0 Armour
 - Level 3.0 Dodging
 * Level 2.7 Stealth
 + Level 0.3 Evocations


You had 2 spell levels left.
You didn't know any spells.
Your spell library was empty.

Dungeon Overview and Level Annotations

Branches:
Dungeon (2/15)

Altars:

Annotations:
D:2 Robin


Innate Abilities, Weirdness & Mutations

You are mostly covered in large bone plates. (SH +6)


Message History

Robin roars a battlecry!
The hobgoblin goes into a battle-frenzy!
You hit the hobgoblin.
You kill the hobgoblin!
The goblin no longer looks unusually strong.
The hobgoblin no longer looks unusually strong.
Robin throws the goblin at you!
You closely miss the goblin.
The goblin no longer looks unusually strong.
The hobgoblin hits you but does no damage.
The goblin hits you but does no damage.
You are poisoned.
You barely miss the goblin.
You feel very sick.
The hobgoblin no longer looks unusually strong.
The hobgoblin completely misses you. The goblin closely misses you.
You hit the goblin.
You kill the goblin!
You feel sick. You block the hobgoblin's attack.
Robin roars a battlecry!
The goblins go into a battle-frenzy!
You hit the hobgoblin but do no damage.
You feel sick. The hobgoblin barely misses you. Robin throws the goblin at you!
You hit the goblin.
The goblin is severely wounded.
* * * LOW HITPOINT WARNING * * *
You feel sick.
The hobgoblin hits you but does no damage.
The goblin barely misses you.
You hit the hobgoblin.
The hobgoblin is poisoned.
The hobgoblin is moderately wounded.
You feel sick. The goblin hits you with a +0 dagger.
* * * LOW HITPOINT WARNING * * *
The hobgoblin barely misses you.
It was a potion of degeneration.
There was something very wrong with that liquid.
You feel weakened.
You feel dopey.
You feel clumsy.
* * * LOW HITPOINT WARNING * * *
You feel sick. You block the goblin's attack. The hobgoblin hits you.
You die...

..... ....... ....K..
......... ........##
.........#
........K####
.......ggg@g##
........g##).# ..
.........###.#####..
#.......###......... .#
##......†..........##.#
########.............#
##............#
#########
##...........#
#........
##.##.......###..


You could see Robin, 3 hobgoblins, a goblin (strong) and a kobold.

Vanquished Creatures
  2 adders (D:2)
  A worm (D:2)
  A dart slug (D:1)
  An endoplasm (D:1)
  A giant cockroach (D:2)
  8 goblins (D:2)
  8 hobgoblins
  5 kobolds (D:1)
  A quokka (D:2)
  4 bats (D:1)
  3 frilled lizards
  2 rats
37 creatures vanquished.

Notes
Turn   | Place    | Note
-------+----------+-------------------------------------------
     0 | D:1      | IdlyInterested the Demonspawn Wanderer began the quest for
                  | the Orb.
     0 | D:1      | IdlyInterested set off with the following items: a +2
                  | dagger, 3 curare-tipped darts, a +0 short sword, a +0 scale
                  | mail, a potion of attraction.
     0 | D:1      | Reached XP level 1. HP: 16/16 MP: 1/1
   443 | D:1      | Gained mutation: You are partially covered in large bone
                  | plates. (SH +4) [demonic ancestry]
   443 | D:1      | Reached XP level 2. HP: 19/22 MP: 2/2
  1070 | D:1      | Found a faded altar of an unknown god.
  1438 | D:2      | Reached skill level 3 in Dodging
  1473 | D:2      | Gained mutation: You are mostly covered in large bone
                  | plates. (SH +6) [demonic ancestry]
  1473 | D:2      | Reached XP level 3. HP: 16/27 MP: 3/3
  1726 | D:2      | Noticed Robin
  1750 | D:2      | Slain by a hobgoblin

Illustrated notes

Levels and vault maps discovered:
D:1:      mainiacjoe_arrival_reflecting_pool, layout_loops_ring,
          basic_ecumenical_altar
D:2:      layout_rooms, uniq_sigmund, uniq_robin

Skill      XL: |  1  2  3 |
---------------+----------+-----
Stealth        | 2 |  2.7
Dodging        | 3 |  3.0
Throwing       | 2 |  2.0
Fighting       | |  2.0
Short Blades   | |  1.8
Armour         | |  1.0
Evocations     | |  0.3

Action                   || total
-------------------------++-------
Melee: Dagger            ||   106
       Punch             ||     1
  Use: Scroll            ||     4
       Potion            ||     1
Armor: Scale mail        ||    21
       Ring mail         ||     8
Dodge: Dodged            ||    50
Block: Other             ||    12

Table legend: (Time is in decaauts)
 A = Elapsed time spent in this place.
 B = Non-inter-level travel time spent in this place.
 C = Inter-level travel time spent in this place.
 D = Time resting spent in this place.
 E = Time spent auto-exploring this place.
 F = Levels seen in this place.
 G = Mean time per level.
                   A        B        C        D        E       F      G
               +--------+--------+--------+--------+--------+-----+--------+
         Total |   1741 |   1497 |    244 |    468 |    688 |   2 |  870.5 |
       Dungeon |   1741 |   1497 |    244 |    468 |    688 |   2 |  870.5 |
               +--------+--------+--------+--------+--------+-----+--------+

Top non-repeatable levels by time:
     D:1: 1394 daAuts
     D:2: 346 daAuts
